[Event "Late-Titled-Tuesday-Blitz-November-28-2023"]
[Site "Chess.com"]
[Date "2023.11.28"]
[Round "5"]
[White "1800_strength"]
[Black "Jaka_Brilej"]
[Result "1-0"]
[WhiteElo "2792"]
[BlackElo "2463"]
[TimeControl "180+1"]
[EndTime "14:53:08 PST"]
[Termination "1800_strength won by resignation"]

1. g4 d5 2. Bg2 c6 3. g5 e5 4. d4 e4 5. f3 f5 6. Nh3 Bd6 7. c4 Ne7 8. Bf4 Ng6 9. Bxd6 Qxd6 10. Nc3 Be6 11. Qb3 Nd7 12. c5 Qc7 13. fxe4 fxe4 14. Nxe4 O-O 15. Nd6 b6 16. Qc3 Nh4 17. Bf1 Nf5 18.
Nxf5 Bxf5 19. Bg2 bxc5 20. dxc5 Rae8 21. O-O Rxe2 22. Rae1 Bg4 23. Rxe2 Bxe2 24. Rxf8+ Nxf8 25. b4 Qe7 26. Nf4 Bg4 27. h4 Ne6 28. Qe5 Qf7 29.
Nd3 Qf5 30. Qxf5 Bxf5 31. Ne5 Nd8 32. Nxc6 Nxc6 33. Bxd5+ Kf8 34. Bxc6 Ke7 35. Bd5 Bd3 36. a3 h6 37. Kf2 Bg6 38. Ke3 Be8 39. Kd4 hxg5 40. hxg5 Bb5 41. Ke5 1-0

[Event "Late-Titled-Tuesday-Blitz-November-28-2023"]
[Site "Chess.com"]
[Date "2023.11.28"]
[Round "5"]
[White "Freeeeeeeeeeeeeeeeee"]
[Black "temiksmozg"]
[Result "0-1"]
[WhiteElo "2116"]
[BlackElo "2605"]
[TimeControl "180+1"]
[EndTime "14:53:09 PST"]
[Termination "temiksmozg won by resignation"]

1. d4 Nf6 2. Nf3 e6 3. g3 d5 4.
Bg2 Bb4+ 5. c3 Be7 6. O-O O-O 7. Bf4 c5 8. Nbd2 Nc6 9. a3 Ne4 10. Rc1 cxd4 11. Nxd4 Nxd2 12. Qxd2 Bd7 13. e4 e5 14.
Nxc6 Bxc6 15. Bxe5 dxe4 16. Qf4 Bg5 17. Qg4 f5 18.
Qd1 Bxc1 19. Qxc1 Qe7 20. Bf4 h6 21. h4 Rad8 22. Be3 b6 23. Bd4 f4 24. Re1 Qd6 25.
Kh2 e3 26. fxe3 fxg3+ 27. Kg1 Bxg2 28. Kxg2 Rf2+ 29. Kg1 Qe6 30. Rf1 Rdf8 31. Rxf2 gxf2+ 0-1

[Event "Late-Titled-Tuesday-Blitz-November-28-2023"]
[Site "Chess.com"]
[Date "2023.11.28"]
[Round "5"]
[White "JuniorJumper"]
[Black "Heinza9"]
[Result "0-1"]
[WhiteElo "2520"]
[BlackElo "2332"]
[TimeControl "180+1"]
[EndTime "14:53:16 PST"]
[Termination "Heinza9 won by checkmate"]

1. g3 f5 2. Bg2 Nf6 3. b3 g6 4. Bb2 Bg7 5. d3 O-O 6. Nd2 d6 7. Ngf3 Nc6 8. O-O e5 9. e4 h6 10. Qe2 f4 11. gxf4 Nh5 12. fxe5 Nf4 13. Qe3 dxe5 14. d4 exd4 15. Qe1 Nxg2 16. Kxg2 Bg4 17.
h3 Bxf3+ 18. Nxf3 Qf6 19. Nh2 Qg5+ 20. Kh1 Qh4 21. Kg2 Be5 22. Nf3 Rxf3 23. Kxf3 Qf4+ 24. Ke2 d3+ 25. cxd3 Bxb2 26. Rb1 Be5 27. Qd2 Nd4+ 28. Kd1 Qf3+ 29. Ke1 Bf4 30. Qb2 Qxd3 31. f3 Bg3+ 32. Rf2 Nxf3# 0-1

[Event "Late-Titled-Tuesday-Blitz-November-28-2023"]
[Site "Chess.com"]
[Date "2023.11.28"]
[Round "5"]
[White "larsmandreassen"]
[Black "gmpeter008"]
[Result "0-1"]
[WhiteElo "2255"]
[BlackElo "2511"]
[TimeControl "180+1"]
[EndTime "14:53:18 PST"]
[Termination "gmpeter008 won on time"]

1. d4 d5 2. Nf3 e6 3. c4 a6 4.
Nc3 Nf6 5. cxd5 exd5 6. Bg5 c6 7. e3 Be7 8. Bd3 Be6 9. O-O Nbd7 10. Ne5 Nxe5 11. dxe5 Ng4 12. Bf4 g5 13. Bg3 h5 14.
h3 h4 15. hxg4 hxg3 16. fxg3 Qc7 17. Qf3 Qxe5 18. Rae1 O-O-O 19. Bf5 Bc5 20. Na4 Ba7 21. b4 Rh6 22. Nc5 Bxc5 23. bxc5 Rdh8 24. Kf2 Rf6 25. Kg1 Bxf5 26. gxf5 Qb2 27. Re2 Qb4 28. g4 Qxc5 29.
Qg3 Rfh6 30. Qe5 Qc4 31. e4 Qxe2 0-1

[Event "Late-Titled-Tuesday-Blitz-November-28-2023"]
[Site "Chess.com"]
[Date "2023.11.28"]
[Round "5"]
[White "marvinguevara"]
[Black "petearrpan"]
[Result "1-0"]
[WhiteElo "2199"]
[BlackElo "2368"]
[TimeControl "180+1"]
[EndTime "14:53:18 PST"]
[Termination "marvinguevara won by resignation"]

1. e4 e5 2. Nf3 Nc6 3. Bc4 Bc5 4. O-O Nf6 5. d4 Bxd4 6. Nxd4 Nxd4 7. Bg5 d6 8. f4 Ne6 9. Nc3 h6 10. Bxf6 Qxf6 11. fxe5 Qxe5 12. Kh1 O-O 13. Nd5 Bd7 14.
Qf3 Rae8 15. Rae1 c6 16. Nc3 b5 17. Bb3 a5 18. a4 b4 19. Ne2 Re7 20. Ng3 Nd4 21.
Qd3 c5 22. Bd5 Bxa4 23. c3 Ne6 24. Nf5 Rd7 25. b3 c4 26. Qxc4 Rc7 27. Qa6 Bd7 28. cxb4 axb4 29. Nxd6 Nc5 30. Qb6 Rcc8 31. Nxc8 Rxc8 32.
Rxf7 Be6 33. Bxe6 Nxe6 34. Re7 Qc3 35. Qxe6+ Kh7 36. Rf1 Rc6 37. Qf5+ Rg6 38. Re6 1-0

[Event "Late-Titled-Tuesday-Blitz-November-28-2023"]
[Site "Chess.com"]
[Date "2023.11.28"]
[Round "5"]
[White "AryanTari"]
[Black "Hikaru"]
[Result "0-1"]
[WhiteElo "2978"]
[BlackElo "3226"]
[TimeControl "180+1"]
[EndTime "14:53:21 PST"]
[Termination "Hikaru won by resignation"]

1. e4 e6 2. d4 d5 3. Nc3 Nf6 4.
e5 Nfd7 5. f4 c5 6. Nf3 Nc6 7. Be3 Rb8 8. Qd2 Qa5 9. Be2 b5 10.
O-O b4 11. Nd1 Ba6 12. Bxa6 Qxa6 13. Nf2 c4 14. Qe2 Be7 15. f5 exf5 16. Bf4 Rb6 17.
e6 fxe6 18. Qxe6 Nxd4 19. Qe3 Ne6 20. Qd2 Nf6 21. Be5 Rb5 22. a4 bxa3 23. bxa3 Ne4 24. Qe2 Bc5 25. Kh1 Bxf2 26. Rxf2 Nxf2+ 27. Qxf2 O-O 28. Re1 Qb6 29. Qg3 Rb1 30. h4 Rxe1+ 31. Qxe1 f4 32.
c3 Qc5 33. Qb1 Qe7 34. Qb5 Rd8 35. a4 g5 36. hxg5 Nxg5 37. Nxg5 Qxg5 38. Bd4 Qh5+ 39. Kg1 Re8 40. Qd7 Re1+ 0-1

[Event "Late-Titled-Tuesday-Blitz-November-28-2023"]
[Site "Chess.com"]
[Date "2023.11.28"]
[Round "5"]
[White "olawsson"]
[Black "Kostukov_Alex"]
[Result "0-1"]
[WhiteElo "2168"]
[BlackElo "2361"]
[TimeControl "180+1"]
[EndTime "14:53:22 PST"]
[Termination "Kostukov_Alex won by resignation"]

1. d4 g6 2. c4 Bg7 3. Nc3 d6 4. e4 e5 5. Nf3 exd4 6. Nxd4 Nc6 7. Be3 Nge7 8. Be2 O-O 9. Qd2 f5 10. exf5 Bxd4 11. Bxd4 Nxf5 12. Be3 Nxe3 13. Qxe3 Bf5 14.
O-O Qd7 15. Bf3 Rae8 16. Qd2 Kh8 17. Rad1 Qg7 18. Bxc6 bxc6 19. Rfe1 h5 20. h3 Kh7 21. b3 Qf7 22. Qd4 c5 23. Qd2 Bd7 24. Nd5 Bc6 25. Rxe8 Rxe8 26. Ne3 Rf8 27. f3 Qf4 28. Nd5 Qxd2 29.
Rxd2 Bxd5 30. Rxd5 Kg7 31. Kf2 Kf6 32. Ke3 Re8+ 33.
Kd2 h4 34. Rd3 Kf5 35. Re3 Rxe3 36. Kxe3 g5 37. Kf2 Kf4 38. Ke2 c6 39. Kf2 d5 40.
cxd5 cxd5 41. Ke2 d4 42. Kd3 Kg3 0-1

[Event "Late-Titled-Tuesday-Blitz-November-28-2023"]
[Site "Chess.com"]
[Date "2023.11.28"]
[Round "5"]
[White "jefferyx"]
[Black "Aradhya2000"]
[Result "1-0"]
[WhiteElo "2984"]
[BlackElo "2723"]
[TimeControl "180+1"]
[EndTime "14:53:23 PST"]
[Termination "jefferyx won by resignation"]

1. Nf3 Nf6 2. c4 c5 3. Nc3 Nc6 4. d4 cxd4 5. Nxd4 e6 6. e4 Bc5 7.
Nxc6 dxc6 8. Qxd8+ Kxd8 9. Bf4 Nh5 10. O-O-O+ Ke7 11. Bc7 e5 12. Bxe5 Bxf2 13. Be2 Nf6 14. Bd6+ Ke8 15. e5 Ng4 16. Ne4 Be3+ 17. Kc2 Bf5 18.
Kd3 Bb6 19. Bxg4 Bxg4 20. Rde1 h6 21. Rhf1 Be6 22. Kc3 a5 23. Ba3 Bc7 24. Bd6 Bxd6 25. Nxd6+ Ke7 26. Nxb7 Rhb8 27. Nc5 Bxc4 28. Kxc4 Rxb2 29.
e6 Rc2+ 30. Kd3 Rxc5 31. Rxf7+ Ke8 32. Rb1 Re5 33. Rxg7 Rd8+ 34. Kc4 Rxe6 35. Rg8+ Ke7 36. Rb7+ Rd7 37. Rg7+ Kf6 38. Rgxd7 Re2 39. Rf7+ Kg6 40. Rg7+ Kh5 41. Rb3 Re4+ 42. Kc5 Re5+ 43. Kxc6 Rg5 44. Rxg5+ hxg5 45. Ra3 1-0

[Event "Late-Titled-Tuesday-Blitz-November-28-2023"]
[Site "Chess.com"]
[Date "2023.11.28"]
[Round "5"]
[White "Aleksandar-Topalov"]
[Black "NikolasTheiss"]
[Result "1-0"]
[WhiteElo "2410"]
[BlackElo "2511"]
[TimeControl "180+1"]
[EndTime "14:53:23 PST"]
[Termination "Aleksandar-Topalov won by resignation"]

1. b3 Nf6 2. Bb2 g6 3. Bxf6 exf6 4. c4 f5 5. Nc3 Bg7 6. e3 O-O 7. Nge2 c6 8. g3 Na6 9. d4 b6 10. Bg2 Bb7 11. O-O Qc7 12. Rc1 Rad8 13. Qd2 Qb8 14. a3 c5 15. Bxb7 Qxb7 16. Nd5 cxd4 17. Nxd4 Nc5 18. b4 Ne4 19. Qd3 Rfe8 20. Rfd1 d6 21. Ne2 g5 22. f3 Nf6 23. Qxf5 Nxd5 24. cxd5 Rxe3 25. Rc2 Re5 26. Qg4 Rxd5 27. Rdc1 h6 28. Rc8 Rxc8 29. Rxc8+ Kh7 30. Qe4+ f5 31. Qe8 Rd2 32.
Kf1 Qxf3+ 33. Ke1 Ra2 34. Qg8+ Kg6 35. Qxa2 Qh1+ 36. Kd2 Qxh2 37. Qe6+ Kh5 38. Qf7+ Kg4 39. Qxg7 Qf2 40. Qd4+ Qxd4+ 41. Nxd4 Kxg3 42. Nxf5+ Kf4 43. Nxh6 1-0

[Event "Late-Titled-Tuesday-Blitz-November-28-2023"]
[Site "Chess.com"]
[Date "2023.11.28"]
[Round "5"]
[White "stregachess"]
[Black "KorolDimitriy75"]
[Result "0-1"]
[WhiteElo "2071"]
[BlackElo "2295"]
[TimeControl "180+1"]
[EndTime "14:53:24 PST"]
[Termination "KorolDimitriy75 won on time"]

1. d4 Nf6 2. Nf3 g6 3. Bf4 c5 4. c3 Qb6 5. b3 d5 6. e3 Bg7 7.
Be2 O-O 8. h3 Nc6 9. O-O Bf5 10.
Nbd2 Rac8 11. Rc1 Rfd8 12. g4 Be6 13. Ng5 Bd7 14. Ngf3 h6 15. Ne5 Be6 16. Ndf3 Ne4 17. Bd3 cxd4 18. exd4 Nxe5 19. Bxe4 Nxg4 20. Bxg6 fxg6 21.
hxg4 Bxg4 22. Qd3 Rf8 23. Ne5 Rxf4 24. Nxg6 Re4 25. Ne5 Bf5 26. Qf3 Qf6 27. Rce1 Rxe1 28. Rxe1 Be4 29. Qg3 Rf8 30. Re2 Qf5 31. Rd2 Kh7 32.
Kh2 Bxe5 33. dxe5 Rg8 0-1

[Event "Late-Titled-Tuesday-Blitz-November-28-2023"]
[Site "Chess.com"]
[Date "2023.11.28"]
[Round "5"]
[White "Zhigalko_Sergei"]
[Black "Yurasova_Daria"]
[Result "1-0"]
[WhiteElo "2897"]
[BlackElo "2482"]
[TimeControl "180+1"]
[EndTime "14:53:25 PST"]
[Termination "Zhigalko_Sergei won by checkmate"]

1. e4 e5 2. Nf3 Nc6 3. Bc4 Bc5 4. b4 Bxb4 5. c3 Be7 6. d4 Na5 7. Bd3 d6 8. dxe5 dxe5 9. Nxe5 Nf6 10. O-O O-O 11. Qc2 c6 12. Nd2 Be6 13. f4 Qc7 14. Ndf3 Rad8 15. Kh1 b5 16. Be3 a6 17. c4 Rxd3 18. Qxd3 Nxc4 19. Bd4 Rd8 20. Qc2 c5 21.
Bg1 Qb7 22. f5 Nxe5 23. fxe6 Nxf3 24. exf7+ Kxf7 25. Rxf3 Kg8 26. Bxc5 Bxc5 27. Qxc5 Qxe4 28. Raf1 Qd5 29. Qb6 Qd6 30. Qf2 Ne4 31. Qh4 Nf6 32. h3 Qe6 33. Rg3 Kh8 34. a3 Re8 35. Qg5 h6 36.
Qxg7# 1-0

[Event "Late-Titled-Tuesday-Blitz-November-28-2023"]
[Site "Chess.com"]
[Date "2023.11.28"]
[Round "5"]
[White "Gyulamiryan-koryun"]
[Black "stasOR4ik"]
[Result "0-1"]
[WhiteElo "1960"]
[BlackElo "2487"]
[TimeControl "180+1"]
[EndTime "14:53:27 PST"]
[Termination "stasOR4ik won on time"]

1. e4 c6 2. Nc3 d5 3. Nf3 Bg4 4.
h3 Bxf3 5. Qxf3 d4 6. Ne2 e5 7. d3 Nf6 8. g4 Bb4+ 9. Bd2 Bxd2+ 10. Kxd2 Qa5+ 11. c3 Na6 12. g5 Nd7 13. h4 O-O-O 14.
Bh3 Kb8 15. Qxf7 Ndc5 16. Qxg7 dxc3+ 17. bxc3 Nxe4+ 18. Ke3 Nxc3 19. Nxc3 Qxc3 20. Rad1 Rhf8 21. f3 Nc5 22. Bf1 Qd4+ 23. Ke2 Nxd3 24. Rh2 Nf4+ 25. Ke1 Qxd1+ 26. Kf2 Nd3+ 27. Bxd3 Qxf3+ 28. Ke1 Rxd3 29. Qxe5+ Ka8 30. Qe2 Re3 0-1

[Event "Late-Titled-Tuesday-Blitz-November-28-2023"]
[Site "Chess.com"]
[Date "2023.11.28"]
[Round "5"]
[White "thechessnoob12345"]
[Black "Hoshka"]
[Result "1-0"]
[WhiteElo "2294"]
[BlackElo "2128"]
[TimeControl "180+1"]
[EndTime "14:53:27 PST"]
[Termination "thechessnoob12345 won on time"]

1. f4 d5 2. b3 Nf6 3. Nf3 c5 4. Bb2 Nc6 5. e3 Bg4 6. Bb5 Rc8 7. h3 Bxf3 8. Qxf3 e6 9. O-O Be7 10. d3 O-O 11. Nd2 Nb4 12. a3 Nxc2 13. Rac1 Nxe3 14. Qxe3 a6 15. Bc4 b5 16. Nf3 bxc4 17. bxc4 d4 18.
Qd2 Rb8 19. Rb1 Qc7 20. Ne5 Bd6 21. Rfe1 Nd7 22. Nxd7 Qxd7 23. g3 Qc7 24. Qe2 Rb3 25. Rbd1 Rfb8 26. Bc1 g6 27. Rf1 Rb1 28. h4 h5 29. g4 hxg4 30. Qxg4 Kf8 31. h5 gxh5 32. Qxh5 f5 33. Kf2 Ke7 34. Rg1 Kd7 35. Rg7+ Be7 36.
Qf7 Re8 37. Re1 Qd6 38. Rg6 Rxc1 39. Rxc1 Qxf4+ 40. Kg2 Qxc1 41. Qxe6+ 1-0

[Event "Late-Titled-Tuesday-Blitz-November-28-2023"]
[Site "Chess.com"]
[Date "2023.11.28"]
[Round "5"]
[White "Elsa167"]
[Black "SouS007"]
[Result "1-0"]
[WhiteElo "2912"]
[BlackElo "2639"]
[TimeControl "180+1"]
[EndTime "14:53:28 PST"]
[Termination "Elsa167 won by resignation"]

1. d4 d5 2. c4 c6 3. cxd5 cxd5 4. Bf4 Nc6 5. e3 Nf6 6. Nc3 a6 7. Be2 Bf5 8. Nf3 e6 9. Qb3 Nh5 10. Qxb7 Na5 11. Qc7 Nxf4 12. Qxd8+ Kxd8 13. exf4 f6 14. Nh4 Be4 15. f3 Bg6 16. Nxg6 hxg6 17. Kd2 Bd6 18. g3 Rb8 19. b3 Nc6 20. Ke3 Ba3 21.
Na4 Rb4 22. Rad1 a5 23. Rd2 Ke7 24. h4 Kf7 25. Rhd1 Ne7 26. Bd3 Rc8 27. Rc2 Rbb8 28.
Rxc8 Rxc8 29. g4 Bc1+ 30. Ke2 Bxf4 31. Nc5 e5 32. Nb7 exd4 33. a4 Nc6 34. Bb5 Re8+ 35. Kf1 Nb4 36. Bxe8+ Kxe8 37. Rxd4 Be3 38. Rd1 d4 39.
Nxa5 Nd5 40. Nc4 Nc3 41. Nxe3 dxe3 42. Re1 Nd5 43. Ke2 Ke7 44. Kd3 Kd6 45. Rxe3 Nf4+ 46.
Kc4 Ng2 47. Rd3+ Kc6 48. b4 Nf4 49. b5+ Kb6 50. Rd6+ Kb7 51. a5 g5 52. hxg5 fxg5 53. Rd7+ Kb8 54. Rxg7 Kc8 55. a6 Kb8 56. b6 Kc8 57. a7 1-0

[Event "Late-Titled-Tuesday-Blitz-November-28-2023"]
[Site "Chess.com"]
[Date "2023.11.28"]
[Round "5"]
[White "LiemLe"]
[Black "rasmussvane"]
[Result "1-0"]
[WhiteElo "3137"]
[BlackElo "2974"]
[TimeControl "180+1"]
[EndTime "14:53:29 PST"]
[Termination "LiemLe won by resignation"]

1. Nf3 d5 2. e3 Nf6 3. c4 e6 4. Nc3 dxc4 5. Bxc4 a6 6. a4 c5 7. b3 b6 8. Bb2 Bb7 9. O-O Be7 10. d4 O-O 11.
Qe2 Nc6 12. Rad1 cxd4 13. Nxd4 Nxd4 14. Rxd4 Qc7 15. Rfd1 Rfd8 16. Rxd8+ Bxd8 17. Ba3 Be7 18. Bxe7 Qxe7 19. Qd2 Qb4 20. e4 e5 21. Qe3 h6 22. h3 Rc8 23. Kh2 Kf8 24. Rd3 Qc5 25.
Qd2 Qc7 26. f3 a5 27. Nb5 Qe7 28. Nd6 Rd8 29. Nxf7 Rxd3 30. Qxd3 Qc7 31. Nd8 Bc8 32. Nf7 Ke7 33. Nh8 Bd7 34. Ng6+ Ke8 35. Qc3 b5 36. axb5 Bxb5 37. Bxb5+ 1-0

[Event "Late-Titled-Tuesday-Blitz-November-28-2023"]
[Site "Chess.com"]
[Date "2023.11.28"]
[Round "5"]
[White "jup1978"]
[Black "falzehope0"]
[Result "1-0"]
[WhiteElo "2520"]
[BlackElo "2358"]
[TimeControl "180+1"]
[EndTime "14:53:30 PST"]
[Termination "jup1978 won on time"]

1. d4 e6 2. c4 d5 3. Nf3 c6 4. Nbd2 f5 5. g3 Bd6 6. Bg2 Nf6 7. O-O f4 8. Ne5 fxg3 9. fxg3 O-O 10. e4 Bxe5 11. dxe5 Nfd7 12. exd5 cxd5 13. cxd5 Nxe5 14. Rxf8+ Qxf8 15. Qb3 Qc5+ 16. Kh1 Ng4 17. h3 Nf2+ 18. Kh2 e5 19. Nc4 Bxh3 20. Be3 Ng4+ 21. Kxh3 Nxe3 22. Nxe3 Nd7 23. d6+ Kh8 24. Qxb7 Rg8 25. Nf5 Nf6 26. Rd1 Qc2 27. Qb3 Qxf5+ 28. Kh2 Ng4+ 29. Kg1 Qf2+ 30. Kh1 Ne3 31. Rg1 Qxg3 32. Qb4 Qg5 33. Bh3 Qh5 34. Kh2 1-0

[Event "Late-Titled-Tuesday-Blitz-November-28-2023"]
[Site "Chess.com"]
[Date "2023.11.28"]
[Round "5"]
[White "MeesvanOsch"]
[Black "CraiggoryC"]
[Result "1-0"]
[WhiteElo "2402"]
[BlackElo "2180"]
[TimeControl "180+1"]
[EndTime "14:53:32 PST"]
[Termination "MeesvanOsch won on time"]

1. e4 e6 2. d4 d5 3. Nc3 Bb4 4. e5 c5 5. Bd2 Nh6 6. Nb5 Bxd2+ 7. Qxd2 O-O 8. c3 Nc6 9. Nf3 cxd4 10. cxd4 f6 11. Be2 fxe5 12. dxe5 a6 13. Nbd4 Nxd4 14. Nxd4 Nf5 15. O-O Qh4 16. f4 Bd7 17. Rac1 Rac8 18.
Nxf5 Rxf5 19. Rxc8+ Bxc8 20. g3 Qd8 21. Rc1 Bd7 22.
Qb4 g5 23. Qd6 gxf4 24. Rc7 Rf7 25. gxf4 Rg7+ 26. Kf2 Qh4+ 27. Ke3 Qxh2 28. Rxd7 Qg1+ 29. Kd3 Qb1+ 30. Kd4 Qe4+ 31. Kc5 Qc2+ 32. Kb6 Qxb2+ 33.
Ka7 1-0

[Event "Late-Titled-Tuesday-Blitz-November-28-2023"]
[Site "Chess.com"]
[Date "2023.11.28"]
[Round "5"]
[White "gabduschew"]
[Black "MKlose11"]
[Result "1-0"]
[WhiteElo "2450"]
[BlackElo "2592"]
[TimeControl "180+1"]
[EndTime "14:53:33 PST"]
[Termination "gabduschew won by checkmate"]

1. b3 Nf6 2. Bb2 g6 3. Bxf6 exf6 4. e3 c5 5. c3 f5 6. d4 Bg7 7. g3 d6 8. Bg2 O-O 9. Ne2 Nc6 10. O-O Qe7 11. Nf4 Rb8 12. Nd2 g5 13. Nd5 Qd8 14. a4 Be6 15. Nc4 Rc8 16. a5 h6 17. Qh5 Re8 18.
Rfd1 Ne7 19. dxc5 Rxc5 20. Nxe7+ Qxe7 21. Nxd6 Bxb3 22. Nxe8 Bxd1 23. Rxd1 Qxe8 24. Bxb7 Rxa5 25. c4 Rc5 26. Bd5 a5 27. h4 Bf6 28. Qxh6 Qe7 29. Qg6+ Kf8 30. Qh6+ Kg8 31. hxg5 Bxg5 32. Qg6+ Kf8 33. Qxf5 a4 34. Rb1 a3 35. Qh7 Rc8 36.
Qh8# 1-0

[Event "Late-Titled-Tuesday-Blitz-November-28-2023"]
[Site "Chess.com"]
[Date "2023.11.28"]
[Round "5"]
[White "Blackwhite017"]
[Black "emeli_chess"]
[Result "0-1"]
[WhiteElo "2057"]
[BlackElo "2371"]
[TimeControl "180+1"]
[EndTime "14:53:34 PST"]
[Termination "emeli_chess won on time"]

1. e4 c5 2. Nf3 e6 3. d4 cxd4 4. Nxd4 a6 5. Nc3 Qc7 6. g3 b6 7. Bg2 Bb7 8. O-O d6 9. Re1 Nd7 10. Bh3 Ngf6 11. Bg5 Be7 12. Bxe6 fxe6 13. Nxe6 Qc4 14.
Nxg7+ Kf7 15. Nf5 Ne5 16. Bxf6 Kxf6 17. Nxd6 Bxd6 18. Qxd6+ Qe6 19. Qc7 Nf3+ 20. Kg2 Nxe1+ 21. Rxe1 Bc6 22. Re3 Rhc8 23. Rf3+ Kg6 24. Qxb6 Rab8 25. Qd4 Rd8 26. Qe3 Rf8 27. Rxf8 Rxf8 28. f4 Re8 29. f5+ Qxf5 0-1

[Event "Late-Titled-Tuesday-Blitz-November-28-2023"]
[Site "Chess.com"]
[Date "2023.11.28"]
[Round "5"]
[White "Arash_Tahbaz"]
[Black "grandemestregringo"]
[Result "0-1"]
[WhiteElo "2881"]
[BlackElo "2655"]
[TimeControl "180+1"]
[EndTime "14:53:36 PST"]
[Termination "grandemestregringo won on time"]

1. Nf3 f5 2. g3 Nf6 3. Bg2 g6 4. O-O Bg7 5. d3 O-O 6. e4 d6 7. c3 fxe4 8. dxe4 e5 9. Re1 Nc6 10. Nbd2 Kh8 11. Qc2 Qe7 12. b4 Be6 13. a4 Nd7 14.
Bb2 Bh6 15. Qd3 a5 16. b5 Nc5 17. Qc2 Nb8 18. Ba3 Nbd7 19. h4 Qf7 20. Rf1 Qf6 21.
c4 Rf7 22. Nb3 Nxa4 23. Ng5 Bxg5 24. hxg5 Qe7 25. f4 Nab6 26. Nd2 Raf8 27. Bb2 Kg8 28. Qd3 exf4 29. gxf4 Rxf4 30. Rxf4 Rxf4 31. Qg3 Rf8 32. c5 Nc4 33. Nxc4 Bxc4 34. cxd6 cxd6 35. Rxa5 Ne5 36. Ra1 Bxb5 37. Rd1 Bc4 38. Bd4 b5 39. Qc3 Qxg5 40. Qb4 Nf3+ 0-1

[Event "Late-Titled-Tuesday-Blitz-November-28-2023"]
[Site "Chess.com"]
[Date "2023.11.28"]
[Round "5"]
[White "nitpicker"]
[Black "DvaHrasta"]
[Result "0-1"]
[WhiteElo "2313"]
[BlackElo "2499"]
[TimeControl "180+1"]
[EndTime "14:53:37 PST"]
[Termination "DvaHrasta won on time"]

1. d4 Nf6 2. c4 e6 3. g3 d5 4.
Nf3 Bb4+ 5. Bd2 Be7 6. Qc2 O-O 7.
Bg2 c6 8. O-O a5 9. Rd1 a4 10.
Bf4 b5 11. cxb5 cxb5 12. Nc3 Qa5 13. a3 Bd7 14. Ne5 Be8 15. e4 b4 16. axb4 Bxb4 17. exd5 exd5 18. Rd3 h6 19. Rf3 Ra6 20. Na2 Bd6 21.
Bd2 Qd8 22. Bb4 Ne4 23. Bxd6 Qxd6 24. Nc3 f5 25. Nxa4 Nd7 26. Rfa3 Nxe5 27. dxe5 Qxe5 28. Nc5 Rxa3 29. Rxa3 Bg6 30. Nxe4 fxe4 31. Ra7 d4 32. b4 Kh7 33. Qc7 Qxc7 34. Rxc7 Rd8 35. Rc1 Rb8 0-1

[Event "Late-Titled-Tuesday-Blitz-November-28-2023"]
[Site "Chess.com"]
[Date "2023.11.28"]
[Round "5"]
[White "2Killer2"]
[Black "Harry_Rakkel"]
[Result "1-0"]
[WhiteElo "2501"]
[BlackElo "2657"]
[TimeControl "180+1"]
[EndTime "14:53:39 PST"]
[Termination "2Killer2 won on time"]

1. d4 Nf6 2. c4 e6 3. Nc3 Bb4 4.
e3 d5 5. Bd3 O-O 6. Nf3 c5 7. O-O dxc4 8. Bxc4 Nc6 9. a3 Bxc3 10.
bxc3 Qc7 11. Bd3 Rd8 12. Qc2 e5 13. Bb2 h6 14. dxe5 Ng4 15. c4 Ncxe5 16. Nxe5 Nxe5 17. Be2 Be6 18. f4 Nc6 19. f5 Bd7 20. f6 g6 21.
Bf3 Be6 22. Be4 Kh7 23. Rf4 Ne5 24. Qf2 Rh8 25. Rh4 Kg8 26. Qg3 g5 27. Bxe5 Qd7 28. Rh5 Rd8 29. Rxg5+ Kf8 30. Rg7 Qa4 31. Bd6+ Ke8 32.
Bxb7 Kd7 33. Bf4 Qc2 34. Bd5 Kc8 35. Bb8 Rd7 36. Bxe6 fxe6 37. Rxd7 1-0

[Event "Late-Titled-Tuesday-Blitz-November-28-2023"]
[Site "Chess.com"]
[Date "2023.11.28"]
[Round "5"]
[White "ploxoi"]
[Black "Meri-Arabidze"]
[Result "0-1"]
[WhiteElo "2459"]
[BlackElo "2685"]
[TimeControl "180+1"]
[EndTime "14:53:40 PST"]
[Termination "Meri-Arabidze won by resignation"]

1. d4 f5 2. Nf3 Nf6 3. g3 b6 4.
Bg2 Bb7 5. O-O e6 6. b3 Be7 7. c4 O-O 8. Bb2 a5 9. Nc3 Na6 10. a3 Ne4 11. Qc2 Bf6 12. Ne1 Bxd4 13. Nxe4 Bxb2 14. Qxb2 Bxe4 15. Bxe4 fxe4 16. Nc2 Qf6 17.
Qxf6 gxf6 18. Rad1 Rf7 19. f3 exf3 20. Rxf3 f5 21. Re3 Nc5 22. Nd4 Ne4 23. Nb5 Rc8 24. Nc3 Nf6 25. h3 Re8 26. Nb5 d6 27. b4 axb4 28.
axb4 h5 29. Ra1 Rg7 30. Kh2 h4 31. Ra7 Ree7 32. gxh4 f4 33. Rea3 e5 34. Ra8+ Kh7 35.
Rc8 e4 36. Nd4 Re5 37. Nc6 Rf5 38. Nd4 Re5 39. Nc6 Rh5 40. Nd4 e3 41. Ne6 Ng4+ 42. hxg4 Rxh4+ 43. Kg2 Rgxg4+ 44. Kf3 Rg3+ 45. Ke4 f3+ 46.
Kxe3 fxe2+ 47. Kxe2 Rh2+ 48. Kf1 Rxa3 49. Rxc7+ Kh6 50.
Kg1 Re2 51. Rf7 Ra1+ 52. Rf1 Rxf1+ 53. Kxf1 Rxe6 0-1

[Event "Late-Titled-Tuesday-Blitz-November-28-2023"]
[Site "Chess.com"]
[Date "2023.11.28"]
[Round "5"]
[White "grandcoach"]
[Black "morte-negra"]
[Result "1-0"]
[WhiteElo "2257"]
[BlackElo "2011"]
[TimeControl "180+1"]
[EndTime "14:53:42 PST"]
[Termination "grandcoach won on time"]

1. e4 c5 2. b4 e6 3. bxc5 Bxc5 4. d4 Bb6 5. c3 d5 6. e5 Nc6 7. Bd3 Nge7 8. Qg4 Ng6 9. h4 h5 10. Qg3 Nce7 11. Ba3 Rh6 12. Nf3 Qc7 13. Ng5 Nf5 14.
Bxf5 exf5 15. Bd6 Qc6 16. O-O Bd7 17. f4 Ne7 18. a4 Bc7 19. Ba3 Rg6 20. Qf3 Be6 21.
Qxh5 O-O-O 22. Qf3 Ng8 23. Bb4 f6 24. h5 Rh6 25.
Nh3 g6 26. hxg6 Rxg6 27. Na3 Nh6 28. Nb5 Kb8 29. Bd6 Bxd6 30. Nxd6 Ng4 31. Rfb1 Rd7 32. a5 a6 33. Rb6 Qc7 34. Rab1 Rxd6 35. exd6 Qc4 36.
Rxb7+ Kc8 37. Rc7+ 1-0

[Event "Late-Titled-Tuesday-Blitz-November-28-2023"]
[Site "Chess.com"]
[Date "2023.11.28"]
[Round "5"]
[White "SmirnovTimofey2000"]
[Black "kxt100"]
[Result "0-1"]
[WhiteElo "2058"]
[BlackElo "2259"]
[TimeControl "180+1"]
[EndTime "14:53:43 PST"]
[Termination "kxt100 won by checkmate"]

1. d4 Nf6 2. Bf4 e6 3. e3 c5 4. c3 Nc6 5. Nd2 d5 6. Ngf3 Bd6 7. Bg3 O-O 8. Bd3 b6 9. e4 dxe4 10. Nxe4 Bxg3 11. Nxf6+ Qxf6 12. hxg3 h6 13. dxc5 bxc5 14. O-O Rb8 15. Qc2 Na5 16. Rfe1 Bb7 17. Ne5 Rfd8 18.
Rad1 Rd5 19. Nf3 c4 20. Be4 Rxd1 21. Rxd1 Bxe4 22. Qxe4 g6 23. Rd7 Rxb2 24. Rxa7 Qxc3 25.
Qa8+ Kg7 26. Rxa5 Qc1+ 27. Kh2 Rb1 28. g4 Qf4+ 29. g3 Qc1 30. Kh3 Qf1+ 31. Kh4 Qxf2 32.
Qe4 Rh1+ 33. Nh2 Rxh2# 0-1

[Event "Late-Titled-Tuesday-Blitz-November-28-2023"]
[Site "Chess.com"]
[Date "2023.11.28"]
[Round "5"]
[White "Matthew_Clarke"]
[Black "maurovargas01"]
[Result "1-0"]
[WhiteElo "2256"]
[BlackElo "1840"]
[TimeControl "180+1"]
[EndTime "14:53:44 PST"]
[Termination "Matthew_Clarke won on time"]

1. e4 e5 2. Nf3 Nf6 3. Nxe5 d6 4. Nf3 Nxe4 5. Nc3 Nf6 6. d4 Be7 7. Bd3 O-O 8. h3 Re8 9. O-O Nbd7 10. Bf4 c6 11.
Ne2 Nf8 12. g4 Be6 13. Ng3 Nd5 14. Bd2 Kh8 15. c4 Nf6 16. Nh2 Qb6 17. Bc3 d5 18. c5 Qc7 19. f4 Ne4 20. Nxe4 dxe4 21.
Bxe4 Rad8 22. Qf3 Bc4 23. Rfd1 Ng6 24. b3 Ba6 25. f5 Nh4 26. Qe3 h6 27. Kh1 Bg5 28.
Qe1 Re7 29. Ba5 Rde8 30. Bxc7 Rxe4 31. Qg3 Re3 32. Qd6 Rxh3 33. Re1 1-0